 Dungeon Crawl Stone Soup version 0.31-a0-640-g39d97e502b (webtiles) character file.

Game seed: 4041860681450693999

4540 avis the Cleaver (level 10, -6/93 HPs)
             Began as a Hill Orc Monk on Aug 27, 2023.
             Was an Elder of Beogh.
             Mangled by a hornet (10 damage)
             ... on level 9 of the Dungeon on Aug 28, 2023.
             The game lasted 00:50:30 (9134 turns).

avis the Cleaver (Hill Orc Monk)                    Turns: 9134, Time: 00:50:31

Health: -6/93      AC: 10    Str: 19    XL:     10   Next: 40%
Magic:  26/26      EV:  6    Int: 10    God:    Beogh [****..]
Gold:   65         SH:  0    Dex: 19    Spells: 9/9 levels left

rFire   + + +        a - +2 hand axe (heavy)
rCold   . . .        (no shield)
rNeg    . . .        J - +0 plate armour
rPois   .            E - +0 helmet
rElec   .            Q - scarf {repulsion}
rCorr   .            G - +0 pair of gloves "Hero's Friend" {*Corrode rF+++ Slay+3 SInv}
SInv    +            F - +1 pair of boots
Will    .....        r - amulet of faith Stlth
                     i - +6 ring of dexterity
HPRegen 0.35/turn    q - ring of magical power
MPRegen 0.20/turn

%: corrode self (3%), repel missiles, faith
@: lethally poisoned (-6 -> -15), corroded, slowed, very slow
A: no potion heal 1
a: Renounce Religion, Smiting, Recall Orcish Followers


You were on level 9 of the Dungeon.
You worshipped Beogh.
Beogh was greatly pleased with you.
You visited 2 branches of the dungeon, and saw 10 of its levels.

You collected 545 gold pieces.
You spent 480 gold pieces at shops.

Inventory:

Hand Weapons
 a - a +2 heavy hand axe (weapon)
 b - the +9 sword of Power {lifebolt}
   (You found it on level 2 of the Dungeon)
Missiles
 A - 3 throwing nets
Armour
 e - a +0 chain mail
 E - a +0 helmet (worn)
 F - a +1 pair of boots (worn)
 G - the +0 pair of gloves "Hero's Friend" (worn) {*Corrode rF+++ Slay+3 SInv}
   (You found it on level 8 of the Dungeon)

   Slay+3:    It affects your accuracy & damage with ranged weapons and melee
   (+3).
   rF+++:     It renders you almost immune to fire.
   SInv:      It lets you see invisible.
   *Corrode:  It may corrode you when you take damage.
 J - a +0 plate armour (worn)
 Q - a scarf of repulsion (worn)
Jewellery
 i - a +6 ring of dexterity (left hand)
 q - a ring of magical power (right hand)
 r - an amulet of faith (around neck)
 K - a ring of see invisible
Wands
 d - a wand of flame (8)
 o - a wand of charming (8)
 v - a wand of polymorph (6)
Scrolls
 g - 5 scrolls of poison {unknown}
 h - 3 scrolls of teleportation {unknown}
 k - a scroll of acquirement {unknown}
 l - 2 scrolls of amnesia {unknown}
 m - 4 scrolls of silence {unknown}
 p - a scroll of enchant armour {unknown}
 s - 2 scrolls of torment {unknown}
 u - 4 scrolls of fog {unknown}
 B - 2 scrolls of summoning {unknown}
 C - a scroll of blinking {unknown}
 H - 2 scrolls of vulnerability {unknown}
 U - 2 scrolls of fear {unknown}
Potions
 c - a potion of ambrosia
 f - a potion of enlightenment
 j - 5 potions of brilliance
 n - a potion of cancellation
 D - 4 potions of curing
 L - 2 potions of resistance
 M - a potion of attraction {unknown}
 N - a potion of degeneration {unknown}
 O - a potion of invisibility {unknown}
 P - a potion of haste {unknown}
 T - a potion of lignification {unknown}


   Skills:
 - Level 10.0 Fighting
 + Level 13.7 Axes
 - Level 2.4 Dodging
 - Level 10.0 Invocations


You had 9 spell levels left.
You didn't know any spells.
Your spell library contained the following spells:

 Spells                   Type           Power      Damage    Failure   Level
 Magic Dart               Conj           0%         1d3       100%        1
 Sting                    Tmut/Pois      0%         1d3       100%        1
 Poisonous Vapours        Pois/Air       0%         N/A       100%        2
 Searing Ray              Conj           0%         2d4       100%        2
 Fulminant Prism          Conj/Hex       0%         3d5       100%        4
 Olgreb's Toxic Radiance  Pois           0%         N/A       100%        4


Dungeon Overview and Level Annotations

Branches:
Dungeon (9/15)             Temple (1/1) D:7
   Lair: D:8-11         Orc: D:9-12

Altars:
Ashenzari
Cheibriados
Dithmenos
Elyvilon
Fedhas
Gozag
Kikubaaqudgha
Makhleb
Nemelex Xobeh
Okawaru
Qazlal
Ru
Sif Muna
Trog
Uskayaw
Vehumet
Wu Jian
Yredelemnul
Zin
The Shining One

Shops:
D:3 (   D:6 (   D:8 =

Annotations:
D:9 3 runed translucent doors, bobarctor's ghost, novice DsNe


Innate Abilities, Weirdness & Mutations

Potions are less effective at restoring your health.


Message History

You feel very sick.
The killer bee stings you but does no damage. x2
The hornet stings you!
* * * LOW HITPOINT WARNING * * *
You are lethally poisoned!
You feel as though you will be slow longer.
The killer bee stings you but does no damage.
The hornet stings you but does no damage.
Your system partially rejects the healing.
You feel better. The killer bee barely misses you.
The hornet stings you but does no damage.
The killer bee stings you.
* * * LOW HITPOINT WARNING * * *
The hornet stings you.
* * * LOW HITPOINT WARNING * * *
You feel as though you will be slow longer.
The killer bee barely misses you.
The hornet stings you but does no damage.
Your system partially rejects the healing.
You feel much better.
The killer bee stings you but does no damage.
The killer bee stings you.
* * * LOW HITPOINT WARNING * * *
The hornet stings you.
* * * LOW HITPOINT WARNING * * *
You feel as though you will be slow longer.
The killer bee barely misses you. The hornet stings you!
* * * LOW HITPOINT WARNING * * *
You feel as though you will be slow longer.
Your system partially rejects the healing.
You feel much better. The killer bee stings you.
* * * LOW HITPOINT WARNING * * *
Your corrosive artefact corrodes you!
The killer bee stings you!
* * * LOW HITPOINT WARNING * * *
You are lethally poisoned!
The killer bee poisons you!
The hornet stings you but does no damage.
The killer bee stings you but does no damage.
The hornet stings you!
You die...

#..# #..# #..# #..# #..#
#...# #.Y# #...# #yy#
#...# #)@# #...# .. #..#
#...# ....####..# #...#
##### ........†.#
#...#####.8∩8
......†...####......#..$$$
....................#8$$8.
...#####............#∩$KW$
.. #............##Du$W .
#....[........##+++


You could see a yak, a hornet and a killer bee.

Vanquished Creatures
  2 wyverns
  A wraith (D:9)
  2 yaks (D:9)
  A neqoxec (D:5)
  Eustachio (D:5)
  Menkaure (D:6)
  A steam dragon (D:8)
  2 water moccasins
  2 orc warriors
  2 sky beasts (D:6)
  2 ice beasts
  3 centaurs
  4 kobold brigands
  4 bullfrogs
  3 scorpions
  5 killer bees
  2 howler monkeys (D:8)
  An electric eel (D:6)
  6 hounds
  2 orc priests
  3 jellies
  A gnoll bouda (D:6)
  A sleepcap (D:6)
  5 iguanas
  6 orc wizards
  8 gnolls
  11 adders
  A river rat (D:5)
  2 shadow imps
  5 white imps
  An ufetubus (D:6)
  15 dart slugs
  18 orcs
  6 endoplasms
  2 giant cockroaches
  14 goblins
  9 hobgoblins
  17 kobolds
  5 quokkas
  9 ball pythons
  3 bats
  A frilled lizard (D:1)
  2 rats (D:1)
192 creatures vanquished.

Vanquished Creatures (collateral kills)
  A hornet (D:9)
  An ice beast (D:8)
  A killer bee (D:8)
  2 orcs (D:8)
5 creatures vanquished.

Vanquished Creatures (others)
  An orc priest (D:9)
  An adder (D:6)
  5 orcs
7 creatures vanquished.

Grand Total: 204 creatures vanquished

Notes
Turn   | Place    | Note
-------+----------+-------------------------------------------
     0 | D:1      | avis the Hill Orc Monk began the quest for the Orb.
     0 | D:1      | Reached XP level 1. HP: 19/19 MP: 1/1
   211 | D:1      | Reached XP level 2. HP: 22/27 MP: 2/2
  1069 | D:2      | Reached skill level 5 in Axes
  1072 | D:2      | Reached XP level 3. HP: 29/33 MP: 3/3
  1398 | D:2      | Reached XP level 4. HP: 26/41 MP: 4/4
  1478 | D:2      | Found a blossoming altar of Fedhas.
  1988 | D:2      | Found the +9 sword of Power {lifebolt}
  2193 | D:3      | Found a stormy altar of Qazlal.
  2377 | D:3      | Found Fait's Antique Weapon Shoppe.
  2394 | D:3      | Found a faded altar of an unknown god.
  2400 | D:3      | Reached skill level 6 in Axes
  2424 | D:3      | Reached skill level 5 in Fighting
  2424 | D:3      | Reached XP level 5. HP: 41/48 MP: 5/5
  2642 | D:3      | Found a white marble altar of Elyvilon.
  2991 | D:3      | Found a burning altar of Makhleb.
  3099 | D:4      | Reached XP level 6. HP: 55/57 MP: 6/6
  3133 | D:4      | Became a worshipper of Beogh the Brigand
  3133 | D:4      | Reached * piety under Beogh
  3133 | D:4      | Reached ** piety under Beogh
  3691 | D:5      | Entered Level 5 of the Dungeon
  3698 | D:5      | Reached skill level 1 in Invocations
  3725 | D:5      | Reached skill level 7 in Axes
  3725 | D:5      | Reached XP level 7. HP: 60/66 MP: 8/8
  3847 | D:5      | Noticed Grinder
  3851 | D:5      | Grinder changed into Grinder the neqoxec
  3851 | D:5      | Noticed Grinder
  3854 | D:5      | Gained mutation: Potions are less effective at restoring
                  | your health. [Grinder]
  3856 | D:5      | Killed Grinder the neqoxec
  4264 | D:5      | Noticed Eustachio
  4289 | D:5      | Killed Eustachio
  4290 | D:5      | Reached skill level 8 in Axes
  4290 | D:5      | Reached XP level 8. HP: 43/75 MP: 11/11
  4999 | D:6      | Found Gaira's Weapon Shop.
  5077 | D:6      | Reached skill level 5 in Invocations
  5597 | D:6      | Reached *** piety under Beogh
  5669 | D:6      | Reached skill level 10 in Fighting
  5695 | D:6      | Reached skill level 9 in Axes
  5695 | D:6      | Reached XP level 9. HP: 85/85 MP: 12/14
  5713 | D:6      | Noticed Menkaure
  5723 | D:6      | Killed Menkaure
  6076 | D:7      | Found a staircase to the Ecumenical Temple.
  6093 | Temple   | Entered the Ecumenical Temple
  7214 | D:8      | Reached skill level 10 in Axes
  7248 | D:8      | Found Juopnyuwu's Jewellery Shoppe.
  7428 | D:8      | Reached skill level 10 in Invocations
  7434 | D:8      | Reached skill level 11 in Axes
  7669 | D:8      | Reached XP level 10. HP: 90/92 MP: 17/17
  7693 | D:8      | Identified the +0 pair of gloves "Hero's Friend" {*Corrode
                  | rF+++ Slay+3 SInv}
  7704 | D:8      | Found an ancient bone altar of Kikubaaqudgha.
  7720 | D:8      | Found a hide-covered altar of Uskayaw.
  7723 | D:8      | Found an ornate altar of the Wu Jian Council.
  7723 | D:8      | Found a snail-covered altar of Cheibriados.
  7726 | D:8      | Found a glowing silver altar of Zin.
  7726 | D:8      | Found a sparkling altar of Nemelex Xobeh.
  7819 | D:8      | Reached skill level 12 in Axes
  7837 | D:8      | Reached **** piety under Beogh
  8618 | D:9      | Reached skill level 13 in Axes
  8783 | D:9      | Paralysed by a hornet for 1 turns
  9018 | D:8      | Bought an amulet of faith for 480 gold pieces
  9078 | D:9      | Found a runed translucent gate.
  9079 | D:9      | Found a runed translucent gate.
  9080 | D:9      | Found a runed translucent gate.
  9080 | D:9      | Found an opulent altar of Gozag.
  9082 | D:9      | Noticed a kobold demonologist
  9082 | D:9      | Noticed bobarctor's ghost (novice DsNe)
  9083 | D:9      | Noticed a white very ugly thing
  9129 | D:9      | Paralysed by a hornet for 2 turns
  9134 | D:9      | HP: 4/93 [killer bee (8)]
  9134 | D:9      | Mangled by a hornet

Illustrated notes

Levels and vault maps discovered:
D:1:      dpeg_arrival_another_circle, layout_basic
D:2:      layout_loops_corners, basic_altar, grunt_decor_fettered, nrook_uturn
D:3:      kennysheep_slugbush, layout_basic, marbit_many_paths,
          grunt_qazlal_sundering, mainiacjoe_overflow_chevrons,
          ebering_ecumenical_altar_rust, serial_shops,
          nicolae_shop_window_shopping, minmay_goblin_kobold_house
D:4:      layout_basic
D:5:      layout_basic, gup_sewer_entry_bowl, uniq_eustachio, uniq_grinder
D:6:      layout_cave_pools, serial_shops, nicolae_shop_bloodbath_and_beyond,
          minivault_19, amcnicky_mini_pool_medium, uniq_menkaure
D:7:      layout_rooms, minmay_temple_entry_mist
D:8:      layout_basic, nicolae_kikubaaqudgha_miasma_corner,
          grunt_temple_overflow_open, serial_shops, nicolae_shop_tiny_glass,
          minmay_bent
D:9:      layout_long_grid, amcnicky_altar_gilded, led_xom_imps,
          ebering_ghost_gozag, serial_bayou_crossing
Temple:   jpeg_temple_clearing

Skill      XL: |  1  2  3  4  5  6  7  8  9 10 |
---------------+-------------------------------+-----
Fighting       | 4 5 6 7 8 10 | 10.0
Axes           | 5 6 7 8 9 11 13 | 13.7
Invocations    | 1 4 6 10 | 10.0
Dodging        | |  2.4

Action                     |  1- 3 |  4- 6 |  7- 9 | 10-12 || total
---------------------------+-------+-------+-------+-------++-------
  Melee: Hand axe          |    61 |    15 |     3 |    65 ||   144
         Great sword       |       |    93 |   195 |       ||   288
 Invoke: Convert to Beogh  |       |     1 |       |       ||     1
  Evoke: Wand              |       |       |     4 |       ||     4
    Use: Scroll            |     1 |       |     5 |     1 ||     7
         Potion            |       |       |     1 |     4 ||     5
   Stab: Sleeping          |       |     1 |       |       ||     1
         Distracted        |       |       |       |     2 ||     2
 Armour: Robe              |     6 |       |       |       ||     6
         Ring mail         |       |    30 |       |       ||    30
         Chain mail        |       |    13 |     1 |       ||    14
         Plate armour      |       |       |   242 |    67 ||   309
  Dodge: Dodged            |    41 |    58 |    97 |    24 ||   220

Table legend: (Time is in decaauts)
 A = Elapsed time spent in this place.
 B = Non-inter-level travel time spent in this place.
 C = Inter-level travel time spent in this place.
 D = Time resting spent in this place.
 E = Time spent auto-exploring this place.
 F = Levels seen in this place.
 G = Mean time per level.
                   A        B        C        D        E       F      G
               +--------+--------+--------+--------+--------+-----+--------+
         Total |   9385 |   8442 |    943 |   1446 |   4385 |  10 |  938.5 |
       Dungeon |   9284 |   8342 |    942 |   1414 |   4385 |   9 | 1031.6 |
        Temple |    100 |     99 |      1 |     32 |      0 |   1 |  100.0 |
               +--------+--------+--------+--------+--------+-----+--------+

Top non-repeatable levels by time:
     D:5: 1348 daAuts
     D:8: 1325 daAuts
     D:6: 1212 daAuts
     D:7: 1207 daAuts
     D:2: 1160 daAuts
     D:1: 966 daAuts
     D:3: 966 daAuts
     D:4: 669 daAuts
     D:9: 428 daAuts
  Temple: 100 daAuts
